Map: Lockdown LE

Players

BoneSaw

  • Race: Protoss Protoss

WichoEriko - Winner!

  • Race: Protoss Protoss
  • League: Diamond

VOD

Have the link to the VOD?

Description

Time

  • Played on: July 30, 2026, 10:39 p.m.
  • Length: 14:27
Show
View Real Time Build Order
Export as new Build Order

BoneSaw Protoss 

Build Orders:  

Get SALT Encoding   

  8  0:04  Probe  
  9  0:20  Pylon  
  9  0:22  Probe  
  10  0:34  Probe  
  11  0:49  Gateway  
  11  0:54  Probe  
  12  1:06  Probe  
  13  1:18  Gateway  
  13  1:25  Assimilator  
  13  1:29  Probe  
  14  1:43  Cybernetics Core  
  14  1:46  Probe  
  15  1:55  Assimilator  
  15  1:58  Probe  
  16  2:14  Probe  
  17  2:25  Stalker x2 (Chrono Boost)  
  21  2:37  Pylon  
  21  2:38  Warp Gate (Chrono Boost)  
  21  2:55  Probe  
  22  3:07  Probe  
  23  3:19  Probe  
  24  3:33  Probe  
  25  3:45  Probe  
  26  3:50  Nexus  
  26  3:52  Pylon  
  26  3:54  Sentry  
  28  3:59  Probe (Chrono Boost)  
  29  4:12  Probe (Chrono Boost)  
  29  4:14  Twilight Council  
  30  4:20  Probe (Chrono Boost)  
  31  4:26  Probe  
  32  4:38  Probe  
  33  4:40  Pylon  
  33  4:43  Robotics Facility  
  33  4:50  Probe  
  34  4:53  Charge (Chrono Boost)  
  34  5:02  Probe  
  35  5:10  Probe  
  36  5:15  Probe  
  36  5:17  Stalker  
  36  5:18  Stalker  
  41  5:22  Probe  
  42  5:31  Pylon  
  42  5:41  Zealot x2  
  46  5:43  Warp Prism (Chrono Boost)  
  48  5:50  Probe x2  
  48  5:56  Gateway  
  50  5:59  Gateway  
  50  6:02  Probe  
  51  6:06  Zealot  
  51  6:07  Zealot  
  55  6:12  Probe  
  55  6:14  Probe  
  57  6:24  Probe, Observer  
  59  6:30  Zealot x2  
  59  6:32  Probe  
  64  6:43  Pylon  
  64  6:48  Nexus  
  64  6:59  Pylon, Immortal (Chrono Boost)  
  68  7:03  Pylon  
  68  7:04  Probe  
  68  7:05  Probe  
  70  7:22  Stalker  
  70  7:23  Stalker  
  70  7:25  Probe x2  
  76  7:30  Immortal (Chrono Boost)  
  76  7:31  Pylon  
  76  7:35  Pylon  
  80  7:39  Pylon  
  80  7:40  Forge  
  80  7:41  Probe  
  80  7:42  Probe, Forge  
  82  8:04  Zealot x2  
  86  8:07  Immortal (Chrono Boost)  
  86  8:10  Probe x3  
  93  8:16  Colossus (Chrono Boost)  
  93  8:17  Photon Cannon  
  93  8:18  Zealot  
  93  8:19  Zealot  
  97  8:22  Probe  
  98  8:38  Gateway  
  98  8:40  Probe x2, Gateway  
  100  8:53  Nexus  
  100  8:56  Probe x3  
  100  9:01  Protoss Ground Weapons Level 1 (Chrono Boost)  
  103  9:04  Photon Cannon, Pylon  
  103  9:05  Pylon  
  102  9:16  Zealot x2  
  106  9:17  Zealot  
  106  9:19  Zealot  
  110  9:52  Zealot x4  
  98  10:13  Immortal (Chrono Boost)  
  84  10:30  Probe x3  
  87  10:42  Probe x2  
  85  10:45  Immortal  
  85  10:50  Resonating Glaives (Chrono Boost), Protoss Ground Armor Level 1 (Chrono Boost), Nexus  
  85  10:51  Adept x4  
  89  10:57  Protoss Shields Level 1 (Chrono Boost)  
  89  11:05  Assimilator  
  89  11:07  Templar Archives  
  89  11:08  Assimilator  
  89  11:24  Immortal  
  93  11:26  Stalker x3  
  93  11:28  Nexus  
  99  11:33  Adept  
  99  11:38  Pylon  
  101  11:40  Pylon  
  101  11:42  Pylon  
  101  11:43  Probe x2  
  101  11:45  Assimilator  
  103  11:48  Assimilator  
  103  11:51  Dark Shrine  
  103  11:55  Probe x2  
  105  12:02  Immortal (Chrono Boost), Photon Cannon  
  105  12:05  Gateway  
  105  12:07  Gateway, Probe  
  110  12:09  Gateway  
  110  12:10  Gateway  
  110  12:22  Assimilator  
  110  12:27  Assimilator, Probe  
  110  12:28  Probe x2  
  113  12:30  Adept x4  
  113  12:33  Immortal  
  125  12:40  Probe x3  
  128  12:46  Probe  
  129  12:52  Probe  
  129  12:54  Adept  
  129  12:55  Adept x3  
  129  12:57  Probe x2  
  140  13:08  Gateway  
  140  13:10  Gateway  
  140  13:12  Immortal, Gateway  
  144  13:14  Photon Cannon  
  144  13:23  Dark Templar x2  
  144  13:24  Dark Templar  
  144  13:25  Nexus  
  150  13:45  High Templar x2  
  150  13:46  Zealot x3  
  150  13:47  Zealot x2  
  164  13:50  Archon, Warp Prism  
  166  13:56  Pylon  
  166  13:58  Pylon  
  166  14:02  Pylon  
  166  14:04  Assimilator  
  166  14:08  Assimilator  
  135  14:14  Dark Templar  
  135  14:15  Dark Templar x5  
Show
View Real Time Build Order
Export as new Build Order

WichoEriko Protoss - Winner!

Build Orders:  

Get SALT Encoding   

  8  0:00  Probe (Chrono Boost)  
  9  0:12  Probe (Chrono Boost)  
  10  0:19  Probe (Chrono Boost)  
  11  0:26  Probe  
  12  0:32  Pylon  
  12  0:39  Probe  
  13  0:51  Probe  
  13  0:56  Gateway  
  14  1:03  Probe  
  15  1:05  Assimilator  
  15  1:20  Gateway  
  15  1:27  Probe  
  16  1:39  Probe  
  17  1:42  Cybernetics Core  
  17  1:47  Pylon  
  17  1:51  Probe  
  18  2:03  Probe  
  19  2:15  Probe  
  19  2:17  Stalker x2 (Chrono Boost)  
  24  2:27  Probe  
  25  2:40  Probe  
  26  2:51  Nexus  
  26  2:58  Pylon  
  26  3:07  Stalker  
  26  3:08  Warp Gate  
  26  3:11  Probe  
  29  3:33  Zealot  
  33  3:34  Zealot  
  33  3:44  Gateway  
  33  3:50  Probe, Shield Battery x2  
  33  3:54  Shield Battery  
  34  4:04  Robotics Facility  
  34  4:14  Assimilator  
  34  4:18  Stalker  
  34  4:23  Stalker  
  40  4:43  Probe  
  40  4:44  Probe  
  42  4:48  Sentry  
  44  4:57  Observer  
  44  4:59  Zealot  
  45  5:03  Pylon, Probe  
  45  5:04  Probe  
  45  5:06  Zealot  
  49  5:14  Pylon  
  49  5:15  Probe  
  49  5:21  Stalker  
  52  5:23  Immortal (Chrono Boost)  
  52  5:28  Probe x2  
  58  5:40  Probe x2  
  60  5:52  Probe (Chrono Boost)  
  60  5:53  Probe (Chrono Boost)  
  60  5:56  Nexus  
  63  6:04  Probe (Chrono Boost)  
  63  6:05  Probe (Chrono Boost)  
  64  6:12  Probe (Chrono Boost)  
  64  6:13  Probe (Chrono Boost)  
  64  6:17  Pylon  
  66  6:35  Stalker x2, Probe x2  
  66  6:38  Shield Battery  
  72  6:40  Stalker  
  74  6:47  Twilight Council  
  74  6:49  Assimilator  
  74  6:52  Assimilator  
  74  7:01  Pylon  
  74  7:06  Pylon  
  74  7:08  Stalker, Probe x2, Immortal  
  82  7:11  Pylon  
  82  7:13  Zealot  
  84  7:16  Probe  
  84  7:20  Probe x2  
  87  7:26  Charge (Chrono Boost)  
  87  7:27  Zealot x2  
  87  7:28  Probe  
  92  7:32  Probe x2  
  92  7:33  Forge  
  94  7:38  Zealot  
  94  7:40  Probe  
  97  7:47  Probe  
  97  7:48  Probe  
  99  7:52  Probe  
  100  7:59  Zealot x2, Probe  
  100  8:00  Zealot, Probe  
  100  8:04  Probe  
  109  8:07  Pylon  
  109  8:09  Pylon  
  109  8:13  Zealot  
  111  8:25  Zealot  
  113  8:34  Zealot  
  113  8:35  Zealot, Protoss Ground Weapons Level 1 (Chrono Boost)  
  113  8:38  Immortal  
  113  8:39  Zealot  
  123  8:44  Forge  
  123  8:46  Forge  
  123  8:48  Zealot  
  125  8:50  Pylon  
  125  8:52  Zealot  
  127  9:01  Gateway  
  127  9:03  Pylon  
  127  9:06  Assimilator, Pylon  
  127  9:08  Zealot x3  
  133  9:10  Gateway  
  133  9:11  Assimilator  
  133  9:13  Pylon  
  133  9:18  Protoss Ground Armor Level 1 (Chrono Boost)  
  133  9:20  Nexus  
  133  9:21  Zealot, Pylon  
  133  9:22  Protoss Shields Level 1 (Chrono Boost)  
  135  9:35  Templar Archives  
  131  9:47  Zealot  
  131  9:48  Zealot  
  131  9:49  Zealot  
  120  10:01  Zealot  
  120  10:02  Zealot x2  
  110  10:14  Zealot  
  110  10:15  Zealot  
  110  10:16  Zealot  
  110  10:18  Zealot  
  107  10:27  Immortal (Chrono Boost)  
  107  10:28  Zealot  
  103  10:29  Zealot x2  
  103  10:32  Zealot  
  113  10:41  Zealot  
  115  10:42  Zealot  
  115  10:43  Zealot  
  115  10:47  Probe x2  
  121  10:51  Protoss Ground Weapons Level 2 (Chrono Boost)  
  121  10:54  Photon Cannon  
  121  10:58  Photon Cannon  
  121  10:59  Immortal  
  121  11:03  Photon Cannon  
  125  11:05  Zealot x4  
  131  11:18  Zealot  
  131  11:22  Probe x3  
  136  11:27  Pylon  
  136  11:29  Assimilator  
  136  11:30  Zealot x3  
  142  11:34  Probe  
  143  11:41  Protoss Ground Armor Level 2 (Chrono Boost), Pylon  
  143  11:45  Protoss Shields Level 2 (Chrono Boost), High Templar x3, Probe x2  
  151  11:59  High Templar, Probe x3  
  156  12:05  High Templar  
  158  12:11  Probe  
  158  12:13  Photon Cannon  
  159  12:15  Photon Cannon  
  159  12:17  Shield Battery  
  159  12:18  Archon  
  159  12:31  Archon, Gateway  
  159  12:33  Gateway  
  159  12:47  Pylon  
  159  12:49  Photon Cannon  
  159  13:04  Warp Prism (Chrono Boost)  
  159  13:05  High Templar x2, Zealot  
  167  13:18  Gateway  
  167  13:19  Gateway  
  167  13:26  Pylon  
  167  13:30  Pylon  
  167  13:34  Pylon, Archon  
  167  13:35  Pylon  
  167  13:43  Observer  
  167  13:44  High Templar x2, Zealot  
  174  14:01  Observer  
  173  14:05  Zealot x2  
  173  14:06  Zealot x2  
  151  14:15  Zealot x2  
Tags
 
League
Diamond
Matchup
PvP
Add a new tag
Caveats
  • Supply blocks, unpowered buildings, or Contaminate may cause inaccurate times.
  • Supply counts are checked every 10 seconds.